 Dungeon Crawl Stone Soup version 0.22-a0-831-g6c6de77 (webtiles) character file.

437 BaronVonScrub the Conjurer (level 6, 0/41 HPs)
             Began as a Mummy Conjurer on July 24, 2018.
             Shot with an arrow by a centaur (7 damage)
             ... on level 5 of the Dungeon.
             The game lasted 00:18:13 (6323 turns).

BaronVonScrub the Conjurer (Mummy Conjurer)         Turns: 6323, Time: 00:18:14

Health: 0/41       AC:  3    Str: 11    XL:     6   Next: 69%
Magic:  5/10       EV: 12    Int: 17    God:
Gold:   267        SH:  0    Dex: 12    Spells: 0/10 levels left

rFire    x . .     SeeInvis .   k - +4 falchion
rCold    + . .     Gourm    .   (no shield)
rNeg     + + +     Faith    .   a - +1 robe
rPois    ∞         Spirit   .   (no helmet)
rElec    .         Reflect  .   (no cloak)
rCorr    .         Harm     .   (no gloves)
MR       +....                  (no boots)
Stlth    +++.......             (no amulet)
HPRegen  0.13/turn              f - ring of protection from magic
MPRegen  0.12/turn              n - ring of stealth

@: no status effects
A: no food or potions, fire vulnerability, cold resistance 1, negative energy
resistance 3, torment resistance, unbreathing
a: no special abilities


You were on level 5 of the Dungeon.
You were not hungry.

You visited 1 branch of the dungeon, and saw 5 of its levels.

You collected 267 gold pieces.

Inventory:

Hand Weapons
 c - a +0 dagger
 k - a +4 falchion (weapon)
Armour
 a - a +1 robe (worn)
 h - a cursed +0 robe
Jewellery
 f - a ring of protection from magic (left hand)
 m - a -3 ring of intelligence
 n - a ring of stealth (right hand)
Wands
 i - a wand of polymorph (20)
 j - a wand of enslavement (10)
Scrolls
 b - 3 scrolls of blinking
 d - 4 scrolls of identify
 e - a scroll of remove curse
 g - a scroll of teleportation


   Skills:
 * Level 1.9 Long Blades
 - Level 1.5 Dodging
 - Level 1.5 Stealth
 - Level 2.6 Spellcasting
 + Level 6.0 Conjurations
 * Level 1.5 Translocations


You couldn't memorise any spells.
You knew the following spells:

 Your Spells              Type           Power        Failure   Level  Hunger
a - Magic Dart            Conj           ###.         1%          1    N/A
b - Searing Ray           Conj           ###...       2%          2    N/A
c - Gell's Gravitas       Tloc           #.........   28%         3    N/A
d - Iskenderun's Mystic   Conj           ###.....     14%         4    N/A

Your spell library contained the following spells:

 Spells                   Type           Power        Failure   Level  Hunger
 Confuse                  Hex            #.......     47%         3    N/A
 Confusing Touch          Hex            #.....       19%         1    N/A
 Metabolic Englaciation   Hex/Ice        #.........   99%         5    N/A
 Petrify                  Tmut/Erth      #.......     87%         4    N/A
 Fulminant Prism          Conj/Hex       ##........   45%         4    N/A
 Dazzling Spray           Conj/Hex       ##....       16%         3    N/A
 Force Lance              Conj/Tloc      ###.....     36%         4    N/A
 Yara's Violent Unravell  Hex/Tmut       #.........   99%         5    N/A

Dungeon Overview and Level Annotations

Branches:
Dungeon (5/15)
 Temple: D:4-7

Altars:
Ashenzari
Okawaru
Uskayaw

Annotations:
D:4 Dowan, Duvessa


Innate Abilities, Weirdness & Mutations

You do not eat or drink.
Your flesh is vulnerable to fire.
You are immune to poison.
Your flesh is cold resistant. (rC+)
You are immune to negative energy. (rN+++)
You are immune to unholy pain and torment.
You can survive without breathing.


Message History

The magic dart hits the centaur.
The centaur is heavily wounded.
The centaur shoots an arrow.
The arrow barely misses you.
The centaur shoots an arrow.
The arrow hits you!
Casting: Magic Dart (safe; 1% risk of failure)
Confirm with . or Enter, or press ? or * to list all spells.
Aiming: Magic Dart (safe; 1% risk of failure)
Press: ? - help, Shift-Dir - straight line, f/p - centaur
Aim: a centaur, wielding a shortbow (heavily wounded)
The magic dart hits the centaur.
The centaur is heavily wounded.
The centaur shoots an arrow.
The arrow hits you!
* * * LOW HITPOINT WARNING * * *
The centaur shoots an arrow.
The arrow completely misses you.
Aiming: Polymorph
Press: ? - help, Shift-Dir - straight line, f/p - centaur
Aim: a centaur, wielding a shortbow (heavily wounded, chance to defeat MR: 46%)
Okay, then.
The centaur shoots an arrow.
The arrow hits you!
You die...

# ######## #.####
#......# #..<.#######
#......# #######........
#..%...###...>..........
#..........####@########
#.......#### #..#
#.......# ###.##
#.......####...#
#######...##.###
###..#c# ##(..# #(.##
#.......#


You could see a centaur.

Vanquished Creatures
  A scorpion (D:4)
  An orc wizard (D:4)
  A bullfrog skeleton (D:4)
  2 hounds (D:4)
  4 worker ants (D:4)
  A hound skeleton (D:4)
  Robin (D:4)
  3 adders
  An ooze (D:3)
  3 worms
  4 dart slugs
  A leopard gecko (D:3)
  14 orcs
  A ball python (D:2)
  4 giant cockroaches
  9 hobgoblins
  2 jackals (D:4)
  3 quokkas
  8 bats
  6 frilled lizards
  10 goblins
  6 kobolds
  8 rats
94 creatures vanquished.

Vanquished Creatures (others)
  2 hobgoblins (D:4)
2 creatures vanquished.

Grand Total: 96 creatures vanquished

Notes
Turn   | Place    | Note
-------+----------+-------------------------------------------
     0 | D:1      | BaronVonScrub the Mummy Conjurer began the quest for the Orb.
     0 | D:1      | Reached XP level 1. HP: 13/13 MP: 4/4
   269 | D:1      | Reached XP level 2. HP: 19/19 MP: 2/5
   774 | D:2      | Reached skill level 4 in Conjurations
   947 | D:2      | Reached XP level 3. HP: 24/24 MP: 4/7
  1400 | D:2      | Found a shattered altar of Ashenzari.
  1652 | D:2      | Found a hide-covered altar of Uskayaw.
  2012 | D:2      | Learned a level 2 spell: Searing Ray
  2156 | D:2      | Learned a level 3 spell: Gell's Gravitas
  2483 | D:3      | Reached XP level 4. HP: 30/30 MP: 2/8
  3858 | D:4      | Reached skill level 5 in Conjurations
  3956 | D:4      | Noticed Dowan
  4058 | D:4      | Reached XP level 5. HP: 27/35 MP: 0/9
  4195 | D:4      | Reached skill level 1 in Long Blades
  4392 | D:4      | Reached skill level 1 in Translocations
  4423 | D:4      | Noticed Duvessa
  4585 | D:4      | Found an iron altar of Okawaru.
  4618 | D:4      | Reached XP level 6. HP: 35/41 MP: 4/10
  5291 | D:3      | Learned a level 4 spell: Iskenderun's Mystic Blast
  5466 | D:4      | Noticed Robin
  5468 | D:4      | Reached skill level 6 in Conjurations
  5484 | D:4      | Killed Robin
  6249 | D:5      | Entered Level 5 of the Dungeon
  6323 | D:5      | Shot with an arrow by a centaur

Vault maps used:
D:1:      dpeg_arrival_refuge
D:2:      minmay_door_path, lemuel_crystal_altar, evilmike_ruin_ashenzari
D:3:      first_ration
D:4:      okawaru_ov_weapons_minmay, minmay_fountain_box, uniq_duvessa,
          uniq_robin
D:5:      uniq_grinder, uniq_menkaure

Skill      XL: |  1  2  3  4  5  6 |
---------------+-------------------+-----
Conjurations   | 4 5 6 |  6.0
Long Blades    | 1 |  1.9
Translocations | 1 |  1.5
Dodging        | |  1.5
Stealth        | |  1.5
Spellcasting   | |  2.6

Action                   |  1- 3 |  4- 6 || total
-------------------------+-------+-------++-------
Melee: Dagger            |    12 |       ||    12
       Falchion          |       |    51 ||    51
 Cast: Magic Dart        |   120 |   124 ||   244
       Searing Ray       |       |     2 ||     2
       Gell's Gravitas   |       |     1 ||     1
Evoke: Wand              |       |     8 ||     8
  Use: Scroll            |     5 |     8 ||    13
Armor: Robe              |     4 |    11 ||    15
Dodge: Dodged            |     9 |    47 ||    56
       Rpst.: Falchion   |       |    16 ||    16

Table legend:
 A = Spawn XP
 B = Non-spawn XP
 C = Spawn XP percentage of total XP
 D = Spawn monster count
 E = Non-spawn monster count
 F = Spawn count percentage of total count
 G = Total turns spent on level
                    A         B        C        D         E        F      G
               +---------+---------+-------+---------+---------+-------+---------
         Total |       0 |     625 |   0.0 |       0 |      95 |   0.0 |  6323
               +---------+---------+-------+---------+---------+-------+---------
           D:1 |       0 |      29 |   0.0 |       0 |      16 |   0.0 |   941
           D:2 |       0 |      55 |   0.0 |       0 |      23 |   0.0 |  1313
           D:3 |       0 |      43 |   0.0 |       0 |      14 |   0.0 |  1930
           D:4 |       0 |     496 |   0.0 |       0 |      41 |   0.0 |  2065
           D:5 |       0 |       2 |   0.0 |       0 |       1 |   0.0 |    74
               +---------+---------+-------+---------+---------+-------+---------
